FSL
ST. PETERSBURG SAINTS @ MIAMI WHALES
07/08/1982
 
TOP OF THE 1ST
St. Petersburg Saints batting - Pitching for Miami Whales : RHP Jose Reyes
Pitching: RHP Jose Reyes
Batting: LHB Omar de la Torre 0-0: Swinging Strike
0-1: Ball
1-1: Swinging Strike
1-2: Ground out 5-3 (Groundball, 56, EV 85.6 MPH)
Batting: RHB Pablo Carballo 0-0: Ball
1-0: Foul Ball, location: 2F
1-1: Fly out, F9 (Flyball, 9LS, EV 85.0 MPH)
Batting: LHB Terry Blocker 0-0: Foul Ball, location: 2F
0-1: Swinging Strike
0-2: Foul Ball, location: 2F
0-2: Foul Ball, location: 2F
0-2: SINGLE (Groundball, 5, EV 98.8 MPH)
Batting: RHB Rock Coyle 0-0: Ball
Terry Blocker steals 2nd base
1-0: Foul Ball, location: 2F
1-1: Called Strike
1-2: Ball
2-2: Foul Ball, location: 2F
2-2: Fly out, F8 (Flyball, 8RXD, EV 81.3 MPH)
Top of the 1st over - 0 runs, 1 hit, 0 errors, 1 left on base; St. Petersburg 0 - Miami 0
BOTTOM OF THE 1ST
Miami Whales batting - Pitching for St. Petersburg Saints : RHP Gerardo Moreno
Pitching: RHP Gerardo Moreno
Batting: SHB Ramon Alcantara 0-0: Called Strike
0-1: Ball
1-1: Swinging Strike
1-2: Strikes out swinging
Batting: RHB Donald Hubbard 0-0: Ball
1-0: Ball
2-0: Foul Ball, location: 2F
2-1: Ball
3-1: Called Strike
3-2: Base on Balls
Batting: RHB Tom Grant 0-0: Ball
1-0: Ball
2-0: Ball
Donald Hubbard steals 2nd base
3-0: Base on Balls
Batting: LHB Lorenzo Bundy 0-0: Ball
Donald Hubbard is caught stealing 3rd base 2-5
1-0: Ball
2-0: Called Strike
2-1: Ball
3-1: Base on Balls
Tom Grant to second
Batting: RHB Rafael Ortega 0-0: Ball
1-0: Ground out 4-3 (Groundball, 4, EV 101.9 MPH)
Bottom of the 1st over - 0 runs, 0 hits, 0 errors, 2 left on base; St. Petersburg 0 - Miami 0
TOP OF THE 2ND
St. Petersburg Saints batting - Pitching for Miami Whales : RHP Jose Reyes
Batting: RHB Ric Despaux 0-0: Called Strike
0-1: SINGLE (Groundball, 4D, EV 100.0 MPH)
Batting: RHB Jerry Johnson 0-0: Ball
1-0: Ball
2-0: Ball
3-0: Called Strike
3-1: Grounds into double play, 4-6-3 (Groundball, 4, EV 103.8 MPH)
Batting: RHB Dave Clements 0-0: Called Strike
0-1: Ball
1-1: Ball
2-1: Ground out 5-3 (Groundball, 56S, EV 81.3 MPH)
Top of the 2nd over - 0 runs, 1 hit, 0 errors, 0 left on base; St. Petersburg 0 - Miami 0
BOTTOM OF THE 2ND
Miami Whales batting - Pitching for St. Petersburg Saints : RHP Gerardo Moreno
Batting: RHB Steve Benson 0-0: Called Strike
0-1: Fly out, F8 (Flyball, 8RM, EV 98.1 MPH)
Batting: RHB Ramon Cardenas 0-0: Ball
1-0: Swinging Strike
1-1: Fly out, F9 (Flyball, 9, EV 88.1 MPH)
Batting: SHB Philip Rossi 0-0: Called Strike
0-1: Foul Ball, location: 2F
0-2: Foul Ball, location: 2F
0-2: Ball
1-2: Ground out 4-3 (Groundball, 4M, EV 105.6 MPH)
Bottom of the 2nd over - 0 runs, 0 hits, 0 errors, 0 left on base; St. Petersburg 0 - Miami 0
TOP OF THE 3RD
St. Petersburg Saints batting - Pitching for Miami Whales : RHP Jose Reyes
Batting: RHB Randy Ingle 0-0: Called Strike
0-1: Ball
1-1: DOUBLE (Groundball, 5L, EV 107.5 MPH)
Batting: RHB Roberto Alvarez 0-0: Fly out, F8 (Flyball, 78S, EV 86.9 MPH)
Batting: LHB Omar de la Torre 0-0: Ball
1-0: Ball
2-0: Ground out 4-3 (Groundball, 34, EV 84.4 MPH)
Randy Ingle to third
Batting: RHB Pablo Carballo 0-0: Called Strike
0-1: Ball
1-1: Swinging Strike
1-2: Ball
2-2: Ball
3-2: Base on Balls
Batting: LHB Terry Blocker 0-0: Called Strike
0-1: Ball
1-1: Ball
2-1: Ball
3-1: Fly out, F8 (Flyball, 78D, EV 101.9 MPH)
Top of the 3rd over - 0 runs, 1 hit, 0 errors, 2 left on base; St. Petersburg 0 - Miami 0
BOTTOM OF THE 3RD
Miami Whales batting - Pitching for St. Petersburg Saints : RHP Gerardo Moreno
Batting: RHB Patrick Rubino 0-0: Foul Ball, location: 2F
0-1: Ball
1-1: Ball
2-1: Ball
3-1: Swinging Strike
3-2: Ground out 5-3 (Groundball, 56S, EV 83.1 MPH)
Batting: SHB Ramon Alcantara 0-0: Ball
1-0: Called Strike
1-1: Ball
2-1: Ball
3-1: Foul Ball, location: 2F
3-2: Foul Ball, location: 2F
3-2: Base on Balls
Batting: RHB Donald Hubbard 0-0: Ball
Ramon Alcantara steals 2nd base
1-0: Foul Ball, location: 2F
1-1: Ground out 6-3 (Groundball, 6, EV 95.6 MPH)
Batting: RHB Tom Grant 0-0: Ball
1-0: Ball
2-0: Swinging Strike
2-1: Ball
3-1: Base on Balls
Batting: LHB Lorenzo Bundy 0-0: Foul Ball, location: 2F
0-1: Ball
1-1: Ball
2-1: Fly out, F6 (Line Drive, 6, EV 68.1 MPH)
Bottom of the 3rd over - 0 runs, 0 hits, 0 errors, 2 left on base; St. Petersburg 0 - Miami 0
TOP OF THE 4TH
St. Petersburg Saints batting - Pitching for Miami Whales : RHP Jose Reyes
Batting: RHB Rock Coyle 0-0: Ball
1-0: Called Strike
1-1: Fly out, F8 (Flyball, 8RD, EV 88.1 MPH)
Batting: RHB Ric Despaux 0-0: Fly out, F9 (Flyball, 9D, EV 97.5 MPH)
Batting: RHB Jerry Johnson 0-0: Called Strike
0-1: Ball
1-1: Ball
2-1: Ground out 4-3 (Groundball, 4, EV 78.8 MPH)
Top of the 4th over - 0 runs, 0 hits, 0 errors, 0 left on base; St. Petersburg 0 - Miami 0
BOTTOM OF THE 4TH
Miami Whales batting - Pitching for St. Petersburg Saints : RHP Gerardo Moreno
Batting: RHB Rafael Ortega 0-0: Called Strike
0-1: Fly out, F9 (Line Drive, 9, EV 90.6 MPH)
Batting: RHB Steve Benson 0-0: Ball
1-0: Ball
2-0: Foul Ball, location: 2F
2-1: Ball
3-1: Base on Balls
Batting: RHB Ramon Cardenas 0-0: Ball
1-0: Ball
2-0: Fielders Choice at 2nd, 4-6 (Groundball, 34, EV 93.8 MPH)
Batting: SHB Philip Rossi 0-0: Fly out, F9 (Flyball, 89S, EV 94.4 MPH)
Bottom of the 4th over - 0 runs, 0 hits, 0 errors, 1 left on base; St. Petersburg 0 - Miami 0
TOP OF THE 5TH
St. Petersburg Saints batting - Pitching for Miami Whales : RHP Jose Reyes
Batting: RHB Dave Clements 0-0: SINGLE (Groundball, 34D, EV 103.8 MPH)
Batting: RHB Randy Ingle 0-0: Ball
1-0: Ball
2-0: Ball
3-0: Base on Balls
Dave Clements to second
Batting: RHB Roberto Alvarez 0-0: Grounds into double play, 5-4-3 (Groundball, 5, EV 91.3 MPH)
Dave Clements to third
Batting: LHB Omar de la Torre 0-0: Fly out, F8 (Flyball, 8LM, EV 78.8 MPH)
Top of the 5th over - 0 runs, 1 hit, 0 errors, 1 left on base; St. Petersburg 0 - Miami 0
BOTTOM OF THE 5TH
Miami Whales batting - Pitching for St. Petersburg Saints : RHP Gerardo Moreno
Batting: RHB Patrick Rubino 0-0: Ball
1-0: Swinging Strike
1-1: Called Strike
1-2: Ground out 5-3 (Groundball, 5L, EV 87.5 MPH)
Batting: SHB Ramon Alcantara 0-0: Ball
1-0: Foul Ball, location: 2F
1-1: Ball
2-1: Ground out 4-3 (Groundball, 4M, EV 85.6 MPH)
Batting: RHB Donald Hubbard 0-0: Fly out, F3 (Popup, 3, EV 64.4 MPH)
Bottom of the 5th over - 0 runs, 0 hits, 0 errors, 0 left on base; St. Petersburg 0 - Miami 0
TOP OF THE 6TH
St. Petersburg Saints batting - Pitching for Miami Whales : RHP Jose Reyes
Batting: RHB Pablo Carballo 0-0: Called Strike
0-1: Ball
1-1: Ground out 2-3 (Groundball, 2R, EV 66.9 MPH)
Batting: LHB Terry Blocker 0-0: Called Strike
0-1: Ball
1-1: Called Strike
1-2: Fly out, F9 (Flyball, 9D, EV 95.0 MPH)
Batting: RHB Rock Coyle 0-0: Ball
1-0: Foul Ball, location: 2F
1-1: Foul Ball, location: 2F
1-2: Ball
2-2: Fly out, F9 (Line Drive, 9, EV 91.3 MPH)
Top of the 6th over - 0 runs, 0 hits, 0 errors, 0 left on base; St. Petersburg 0 - Miami 0
BOTTOM OF THE 6TH
Miami Whales batting - Pitching for St. Petersburg Saints : RHP Gerardo Moreno
Batting: RHB Tom Grant 0-0: Ball
1-0: Ball
2-0: Ball
3-0: Base on Balls
Batting: LHB Lorenzo Bundy 0-0: Fly out, F7 (Flyball, 7LM, EV 100.6 MPH)
Batting: RHB Rafael Ortega 0-0: Ball
1-0: Called Strike
Tom Grant steals 2nd base
1-1: Ground out 6-3 (Groundball, 6, EV 82.5 MPH)
Tom Grant to third
Batting: RHB Steve Benson 0-0: Intentional Walk
Batting: RHB Ramon Cardenas 0-0: Foul Ball, location: 2F
0-1: Swinging Strike
0-2: Ball
1-2: Ball
2-2: Strikes out looking
Bottom of the 6th over - 0 runs, 0 hits, 0 errors, 2 left on base; St. Petersburg 0 - Miami 0
TOP OF THE 7TH
St. Petersburg Saints batting - Pitching for Miami Whales : RHP Jose Reyes
Batting: RHB Ric Despaux 0-0: Called Strike
0-1: Ground out 5-3 (Groundball, 56S, EV 80.0 MPH)
Batting: RHB Jerry Johnson 0-0: Called Strike
0-1: Ball
1-1: SINGLE (Groundball, 56D, EV 98.8 MPH)
Batting: RHB Dave Clements 0-0: Called Strike
Jerry Johnson steals 2nd base
0-1: Called Strike
0-2: SINGLE (Groundball, 4MD, EV 100.6 MPH)
Jerry Johnson to third
Runner from 3rd tries for Home, SAFE, throw by CF to home
Dave Clements to second
Batting: RHB Randy Ingle 0-0: Swinging Strike
0-1: Ball
1-1: Ball
Wild Pitch!
Dave Clements to third
2-1: Ball
3-1: Called Strike
3-2: Base on Balls
Batting: RHB Roberto Alvarez 0-0: Ground out 5-3 (Groundball, 56S, EV 79.4 MPH)
Randy Ingle to second
Batting: LHB Omar de la Torre 0-0: Ball
1-0: Fly out, F4 (Popup, 34, EV 58.8 MPH)
Top of the 7th over - 1 run, 2 hits, 0 errors, 2 left on base; St. Petersburg 1 - Miami 0
BOTTOM OF THE 7TH
Miami Whales batting - Pitching for St. Petersburg Saints : RHP Gerardo Moreno
Batting: SHB Philip Rossi 0-0: Ball
1-0: Called Strike
1-1: Ball
2-1: Ball
3-1: Base on Balls
Batting: RHB Patrick Rubino 0-0: Ball
1-0: Foul Ball, location: 2F
1-1: Ball
2-1: Fielders Choice at 2nd, 2-4 (Groundball, 2L, EV 64.4 MPH)
Now at SS: Joe Lansford
Batting: SHB Ramon Alcantara 0-0: Swinging Strike
0-1: Fielders Choice at 2nd, 4-6 (Groundball, 4, EV 100.0 MPH)
Batting: RHB Donald Hubbard 0-0: Ball
Ramon Alcantara steals 2nd base (no throw)
1-0: Swinging Strike
1-1: Ball
2-1: Fly out, F3 (Popup, 3SF, EV 89.4 MPH)
Bottom of the 7th over - 0 runs, 0 hits, 0 errors, 1 left on base; St. Petersburg 1 - Miami 0
TOP OF THE 8TH
St. Petersburg Saints batting - Pitching for Miami Whales : RHP Jose Reyes
Batting: RHB Pablo Carballo 0-0: Ground out U3 (Groundball, 3, EV 78.1 MPH)
Batting: LHB Terry Blocker 0-0: Ball
1-0: Foul Ball, location: 2F
1-1: Ground out 6-3 (Groundball, 6, EV 105.0 MPH)
Batting: RHB Rock Coyle 0-0: Ball
1-0: Ground out 6-3 (Groundball, 6, EV 82.5 MPH)
Top of the 8th over - 0 runs, 0 hits, 0 errors, 0 left on base; St. Petersburg 1 - Miami 0
BOTTOM OF THE 8TH
Miami Whales batting - Pitching for St. Petersburg Saints : RHP Gerardo Moreno
Now at 3B: Pablo Cavallo
Batting: RHB Tom Grant 0-0: Swinging Strike
0-1: Ball
1-1: Swinging Strike
1-2: Strikes out swinging
Batting: LHB Lorenzo Bundy 0-0: Called Strike
0-1: Foul Ball, location: 2F
0-2: Fly out, F7 (Flyball, 78D, EV 90.6 MPH)
Batting: RHB Rafael Ortega 0-0: Swinging Strike
0-1: Ground out 4-3 (Groundball, 34, EV 103.8 MPH)
Bottom of the 8th over - 0 runs, 0 hits, 0 errors, 0 left on base; St. Petersburg 1 - Miami 0
TOP OF THE 9TH
St. Petersburg Saints batting - Pitching for Miami Whales : RHP Jose Reyes
Batting: RHB Ric Despaux 0-0: Ball
1-0: Foul Ball, location: 2F
1-1: Swinging Strike
1-2: Strikes out looking
Batting: RHB Jerry Johnson 0-0: Ball
1-0: Ground out 6-3 (Groundball, 6, EV 89.4 MPH)
Batting: RHB Pablo Cavallo 0-0: Called Strike
0-1: Fly out, F7 (Flyball, 7, EV 91.3 MPH)
Top of the 9th over - 0 runs, 0 hits, 0 errors, 0 left on base; St. Petersburg 1 - Miami 0
BOTTOM OF THE 9TH
Miami Whales batting - Pitching for St. Petersburg Saints : RHP Gerardo Moreno
Now in CF: Francisco Escalera
Batting: RHB Steve Benson 0-0: Ball
1-0: Foul Ball, location: 2F
1-1: Ball
2-1: Ball
3-1: Swinging Strike
3-2: Fly out, F8 (Flyball, 8RM, EV 91.9 MPH)
Batting: RHB Ramon Cardenas 0-0: SINGLE (Groundball, 56S, EV 81.3 MPH) (infield hit)
Pinch Hitting: RHB Alex Dominguez 0-0: Ball
1-0: Fielders Choice at 2nd, 6-4 (Groundball, 6, EV 85.0 MPH)
Pinch Hitting: LHB Brad Garnett 0-0: Ball
1-0: Called Strike
1-1: Ball
2-1: Ball
3-1: Base on Balls
Alex Dominguez to second
Batting: SHB Ramon Alcantara 0-0: Called Strike
0-1: Ground out 4-3 (Groundball, 4, EV 80.0 MPH)
Bottom of the 9th over - 0 runs, 1 hit, 0 errors, 2 left on base; St. Petersburg 1 - Miami 0
Thursday, August 13th, 2020 - OOTP Baseball 21.5 Build 76